 Dungeon Crawl Stone Soup version 0.28.0-53-g5a82cb258f (webtiles) character file.

Game seed: 4762774898142297661

1379 gobodom the Slasher (level 8, -12/54 HPs)
             Began as a Demonspawn Gladiator on June 7, 2022.
             Was a Follower of Hepliaklqana.
             Killed by divine providence
             ... invoked by an orc priest
              (15 damage)
             ... on level 7 of the Dungeon.
             The game lasted 00:47:02 (7401 turns).

gobodom the Slasher (Demonspawn Gladiator)          Turns: 7401, Time: 00:47:02

Health: -12/54     AC: 17    Str: 17    XL:     8   Next: 39%
Magic:  0/8        EV: 13    Int: 10    God:    Hepliaklqana [*.....]
Gold:   366        SH:  4    Dex: 16    Spells: 7/7 levels left

rFire   . . .      SeeInvis .   a - +1 long sword (drain)
rCold   . . .      Faith    .   L - +0 buckler
rNeg    . . .      Spirit   +   b - +1 leather armour
rPois   +          Reflect  .   (helmet restricted)
rElec   .          Harm     .   (no cloak)
rCorr   .          Rampage  .   (no gloves)
Will    .....      Clarity  +   j - +1 pair of boots
Stlth   ++........              r - amulet "Qaipt" {Spirit rPois}
HPRegen 0.18/turn               h - +4 ring of protection
MPRegen 0.11/turn               v - +4 ring of protection

@: no status effects
A: reduced essence, horns 2, thin metallic scales 2, demonic guardian 1,
condensation shield, agile 1, clarity
a: Renounce Religion, Recall Ancestor, Ancestor Identity


You were on level 7 of the Dungeon.
You worshipped Hepliaklqana.
Hepliaklqana was aware of your devotion.
You visited 1 branch of the dungeon, and saw 7 of its levels.

You collected 366 gold pieces.

Inventory:

Hand Weapons
 a - a +1 long sword of draining (weapon)
 e - a +2 dagger of venom
 g - a +1 antimagic rapier
 u - a +2 dagger of speed
 x - a +0 spear of flaming
 B - a +0 hunting sling
Missiles
 d - 3 throwing nets (quivered)
 f - 68 bolts
 l - 68 sling bullets
 o - 124 arrows
 q - 11 poisoned darts
 A - 198 stones
Armour
 b - a +1 leather armour (worn)
 j - a +1 pair of boots (worn)
 L - a +0 buckler (worn)
Jewellery
 h - a +4 ring of protection (left hand)
 r - the amulet "Qaipt" (around neck) {Spirit rPois}
   (You found it on level 2 of the Dungeon)

   [amulet of guardian spirit]

   It causes incoming damage to be divided between your reserves of health and
   magic.
   rPois:     It protects you from poison.
 v - a +4 ring of protection (right hand)
 w - a ring of flight
 G - a ring of see invisible
 M - a ring of protection from cold
Wands
 c - a wand of mindburst (2)
 z - a wand of iceblast (13)
Scrolls
 k - a scroll of brand weapon
 p - a scroll of amnesia
 s - a scroll of enchant armour
 y - a scroll of fog
 C - 3 scrolls of teleportation
 H - 2 scrolls of vulnerability
Potions
 i - 2 potions of curing
 n - 2 potions of flight
 D - 3 potions of attraction
 J - a potion of magic
 K - a potion of brilliance


   Skills:
 + Level 4.4 Fighting
 + Level 4.2(5.5) Short Blades
 + Level 5.4(6.1) Long Blades
 + Level 2.0 Throwing
 + Level 2.8 Armour
 + Level 4.3 Dodging
 + Level 2.0 Stealth
 + Level 2.2 Shields


You had 7 spell levels left.
You didn't know any spells.
Your spell library contained the following spells:

 Spells                   Type           Power      Damage    Failure   Level
 Shock                    Conj/Air       0%         1d3       52%         1
 Slow                     Hex            0%         N/A       52%         1
 Static Discharge         Conj/Air       0%         N/A       67%         2
 Confusing Touch          Hex            0%         N/A       88%         3
 Swiftness                Air            0%         N/A       88%         3
 Vampiric Draining        Necr           0%         2d6       88%         3
 Airstrike                Air            0%         N/A       99%         4
 Dispel Undead            Necr           0%         3d6       99%         4
 Sticky Flame             Conj/Fire      0%         2d3       99%         4


Dungeon Overview and Level Annotations

Branches:
Dungeon (7/15)             Temple (0/1) D:6

Altars:
Ashenzari
Cheibriados
Elyvilon
Hepliaklqana
Kikubaaqudgha
Xom
Zin


Innate Abilities, Weirdness & Mutations

Your life essence is reduced to manifest your ancestor. (-10% HP)
You have a pair of horns on your head.
You are mostly covered in thin metallic scales. (AC +3)
A weak demonic guardian rushes to your aid.
A meltable shield of frost defends you. (SH +0)
You are agile. (Dex +2)
You possess an exceptional clarity of mind.


Message History

The orc warrior misses you.
You slash the orc warrior!
You kill the orc warrior!
Your base Short Blades skill increases to level 4!
You slash the orc priest!
You kill the orc priest!
You feel better. The orc misses you.
You slash the orc!
You kill the orc!
You block the orc's attack.
You slash the orc!
You kill the orc!
You hit the orc. You drain the orc.
You kill the orc!
You slash the orc priest! You drain the orc priest.
The orc priest is almost dead.
The orc priest misses you.
You barely miss something. You slash something! You block something's attack.
You hear some strange, mumbled words.
A puff of flame appears from out of thin air!
The puff of flame hits you!
Your condensation shield dissipates!
You slash something!
Reactivating autopickup.
You feel a bit more experienced.
The orc priest invokes the aid of Beogh against you.
Beogh smites you!
* * * LOW HITPOINT WARNING * * *
A demonic guardian appears!
You swap places.
Your ufetubus hits the orc.
Your ufetubus barely misses the orc.
The orc priest calls down the wrath of Beogh upon you.
Beogh smites you!
* * * LOW HITPOINT WARNING * * *
The orc barely misses your ufetubus.
Your ufetubus hits the orc.
Your ufetubus closely misses the orc.
The orc priest invokes the aid of Beogh against you.
Beogh smites you!
You die...

##### #...# ##'### ### ###
##...## #.. ..# #.....## #.#
#.# .8...8.## #.# #.#######
#.....#.## #.# #.......o
.8...8...#######@####........
.........'........5ooo.......
.8...8...############o......o
#.....#.## ##.......
.8...8.## ....... #.....##
....... ##...## ....... ##+##
....... .......


You could see an orc priest (drained), 3 orcs and a friendly ufetubus
(summoned).

Vanquished Creatures
  Grinder (D:5)
  A water moccasin (D:6)
  An orc warrior (D:7)
  4 ogres
  A phantom (D:4)
  Blork the orc (D:6)
  A jelly (D:5)
  3 orc priests
  3 iguanas
  4 orc wizards
  A mummy (D:4)
  A howler monkey skeleton (D:4)
  An adder (D:4)
  A white imp (D:5)
  An ufetubus (D:3)
  An adder skeleton (D:4)
  An adder zombie (D:5)
  6 worms
  2 dart slugs
  11 orcs
  4 ball pythons
  3 bats
  A bat zombie (D:5)
  10 endoplasms
  2 giant cockroaches
  5 hobgoblins
  2 jackals (D:2)
  A quokka (D:3)
  3 frilled lizards
  9 goblins
  4 kobolds
  5 rats
  A rat zombie (D:5)
  A spectral goblin (D:4)
97 creatures vanquished.

Vanquished Creatures (collateral kills)
  A hound (D:6)
  An orc priest (D:6)
2 creatures vanquished.

Vanquished Creatures (others)
  An ancestor (D:7)
1 creature vanquished.

Grand Total: 100 creatures vanquished

Notes
Turn   | Place    | Note
-------+----------+-------------------------------------------
     0 | D:1      | gobodom the Demonspawn Gladiator began the quest for the
                  | Orb.
     0 | D:1      | Reached XP level 1. HP: 16/16 MP: 1/1
   162 | D:1      | Reached skill level 3 in Long Blades
   167 | D:1      | Gained mutation: A meltable shield of frost defends you.
                  | (SH +0) [demonic ancestry]
   167 | D:1      | Reached XP level 2. HP: 10/22 MP: 2/2
  1420 | D:2      | Reached XP level 3. HP: 27/27 MP: 3/3
  1421 | D:2      | Identified the amulet "Qaipt" {Spirit rPois}
  1556 | D:2      | Found a faded altar of an unknown god.
  2900 | D:3      | Gained mutation: You have a pair of small horns on your
                  | head. [demonic ancestry]
  2900 | D:3      | Reached XP level 4. HP: 29/33 MP: 4/4
  3312 | D:4      | Found a hazy altar of Hepliaklqana.
  3323 | D:4      | Became a worshipper of Hepliaklqana the Forgotten
  3464 | D:4      | Found a broken altar of Ashenzari.
  3494 | D:4      | Reached skill level 4 in Long Blades
  3494 | D:4      | Reached skill level 1 in Armour
  3749 | D:4      | Gained mutation: You are partially covered in thin metallic
                  | scales. (AC +2) [demonic ancestry]
  3749 | D:4      | Reached XP level 5. HP: 25/38 MP: 3/5
  3765 | D:5      | Entered Level 5 of the Dungeon
  3798 | D:5      | Noticed an ogre
  3849 | D:5      | Noticed a phantom
  3910 | D:4      | Gained mutation: You possess an exceptional clarity of
                  | mind. [potion of mutation]
  3910 | D:4      | Gained mutation: You are agile. (Dex +2) [potion of
                  | mutation]
  3917 | D:4      | HP: 1/38 [phantom (1)]
  3966 | D:4      | Reached skill level 1 in Shields
  3986 | D:4      | Identified a scroll of acquirement
  3986 | D:4      | Acquired a +1 antimagic rapier
  4004 | D:4      | Killed a phantom
  4024 | D:4      | Gained mutation: A weak demonic guardian rushes to your
                  | aid. [demonic ancestry]
  4024 | D:4      | Reached XP level 6. HP: 11/46 MP: 4/6
  4366 | D:4      | Found a snail-covered altar of Cheibriados.
  4601 | D:5      | Reached skill level 5 in Long Blades
  4926 | D:5      | Gained mutation: You have a pair of horns on your head.
                  | [demonic ancestry]
  4926 | D:5      | Reached XP level 7. HP: 10/52 MP: 2/7
  5314 | D:5      | Reached skill level 1 in Stealth
  5408 | D:5      | Reached skill level 1 in Short Blades
  5571 | D:5      | Found a snail-covered altar of Cheibriados.
  5573 | D:5      | Found a broken altar of Ashenzari.
  5573 | D:5      | Found a sparkling altar of Nemelex Xobeh.
  5575 | D:5      | Found a shimmering altar of Xom.
  5575 | D:5      | Found a shimmering altar of Xom.
  5575 | D:5      | Found a hazy altar of Hepliaklqana.
  5576 | D:5      | Noticed Grinder
  5579 | D:5      | Paralysed by Grinder for 2 turns
  5591 | D:5      | Killed Grinder
  5873 | D:5      | Found an ancient bone altar of Kikubaaqudgha.
  6200 | D:6      | Reached * piety under Hepliaklqana
  6451 | D:6      | Noticed Blork the orc
  6466 | D:6      | Killed Blork the orc
  6467 | D:6      | Gained mutation: You are mostly covered in thin metallic
                  | scales. (AC +3) [demonic ancestry]
  6467 | D:6      | Reached XP level 8. HP: 48/54 MP: 2/8
  6538 | D:6      | Found a staircase to the Ecumenical Temple.
  7401 | D:7      | Killed from afar by an orc priest

Illustrated notes

Levels and vault maps discovered:
D:1:      saegor_arrival_simple_d, layout_basic, minmay_small_reverse_x
D:2:      layout_basic, shapermc_ecumenical_altar_venn, grunt_ministairs_2
D:3:      layout_basic, elyvilon_altar_5
D:4:      layout_basic, slow_altar_2, nicolae_hepliaklqana_monster_ancestors,
          general_overflow_altar, kennysheep_little_box
D:5:      layout_loops_ring, lemuel_zombie_altar_kikubaaqudgha,
          doesnt_xom_only_xom, uniq_grinder
D:6:      layout_loops_corners, minmay_temple_entry_hall, uniq_blork_the_orc
D:7:      layout_basic, hangedman_decor_peaks_small, dk_noncrumbling_3

Skill      XL: |  1  2  3  4  5  6  7  8 |
---------------+-------------------------+-----
Long Blades    | 3 4 5 |  5.4
Dodging        | 3 4 |  4.3
Armour         | 1 2 |  2.8
Shields        | 1 2 |  2.2
Fighting       | 3 4 |  4.4
Stealth        | 1 2 |  2.0
Short Blades   | 3 4 |  4.2
Throwing       | 2 |  2.0

Action                   |  1- 3 |  4- 6 |  7- 9 || total
-------------------------+-------+-------+-------++-------
Melee: Long sword        |   109 |   105 |    16 ||   230
       Dagger            |    15 |       |       ||    15
       Headbutt          |       |    16 |    28 ||    44
       Rapier            |       |    23 |   109 ||   132
       Punch             |       |       |     1 ||     1
Throw: Throwing net      |       |     3 |       ||     3
Evoke: Wand              |       |     1 |       ||     1
  Use: Potion            |     1 |    13 |     1 ||    15
       Scroll            |       |     6 |     7 ||    13
 Stab: Distracted        |       |       |     1 ||     1
       Sleeping          |       |       |     1 ||     1
Armor: Leather armour    |    49 |    33 |    41 ||   123
       Skin              |       |    29 |       ||    29
Dodge: Dodged            |    88 |    58 |    35 ||   181
Block: Other             |    17 |    17 |     8 ||    42
       Buckler           |       |       |     5 ||     5
